[ AOE2 MATCH · #479633631 ]
UnrankedKhitans vs Teutons
Player's team · WIN
Rival team · LOSS
[ REPLAY ANALYSIS · EXTRACTED FROM THE RECORDED GAME ]
Feudal
8:32
Castle
20:21
Imperial
40:17
| APM avg | 65.6 |
| APM peak | 98 |
| eAPM avg | 32.7 |
| Villagers / military | 219 / 304 |
Focus
⚔️ 49.0% · 🌾 51.0%
Cavalry Archer ×152 · Scout Cavalry ×135 · Monk ×4 · Archer ×4 · Iron Pagoda ×4 · Trebuchet (Packed) ×4
Feudal
9:00
Castle
20:08
Imperial
43:24
| APM avg | 48.4 |
| APM peak | 88 |
| eAPM avg | 32.5 |
| Villagers / military | 225 / 292 |
Focus
⚔️ 43.6% · 🌾 56.4%
Knight ×148 · Skirmisher ×69 · Cavalry Archer ×37 · Scout Cavalry ×23 · Spearman ×7 · Militia ×3
Match map
Initial resources + every placement click. Lines = walls · curves = elevation contours. ◆ gold · ⬟ stone · ● berries · ✦ relic · ◌ wall gap
Your base· ✓ Closed at 20:21 · 59t walls · 1 gate(s)
UndercoverPilot's base· Open — opponent sealed themselves in
Smoothed initial terrain · ◌ = detected wall gap · hover for details
Inputs per minute
— Rhea - - UndercoverPilot
Build order — Rhea
First 150 of 741 actions detected
| 0:01 | Create | Villager (Male) |
| 0:02 | Build | House |
| 0:03 | Build | House |
| 0:19 | Create | Villager (Male) |
| 0:26 | Create | Villager (Male) |
| 0:40 | Create | Villager (Male) |
| 1:28 | Create | Villager (Male) |
| 2:00 | Build | Lumber Camp |
| 2:02 | Create | Villager (Male) |
| 2:15 | Create | Villager (Male) |
| 2:52 | Create | Villager (Male) |
| 2:52 | Create | Villager (Male) |
| 3:03 | Create | Villager (Male) |
| 3:38 | Create | Villager (Male) |
| 3:51 | Build | House |
| 4:01 | Create | Villager (Male) |
| 4:26 | Create | Villager (Male) |
| 4:41 | Create | Villager (Male) |
| 4:46 | Create | Villager (Male) |
| 4:51 | Create | Villager (Male) |
| 5:12 | Build | Mill |
| 5:26 | Research | Loom |
| 6:22 | Research | Feudal Age |
| 6:47 | Create | Villager (Male) |
| 7:17 | Create | Villager (Male) |
| 7:26 | Build | Palisade Wall |
| 7:35 | Build | Barracks |
| 7:50 | Build | Palisade Wall |
| 7:51 | Build | Palisade Wall |
| 7:52 | Build | Palisade Wall |
| 7:55 | Build | Palisade Wall |
| 7:56 | Build | Palisade Wall |
| 7:56 | Build | Palisade Wall |
| 7:57 | Build | Palisade Wall |
| 7:57 | Build | Palisade Wall |
| 8:16 | Build | House |
| 8:32 | Age | Feudal Age |
| 8:59 | Create | Villager (Male) |
| 9:02 | Create | Villager (Male) |
| 9:14 | Build | Stable |
| 9:26 | Create | Spearman |
| 9:37 | Create | Villager (Male) |
| 9:55 | Build | House |
| 9:56 | Create | Scout Cavalry |
| 9:57 | Build | House |
| 10:00 | Create | Scout Cavalry |
| 10:01 | Create | Villager (Male) |
| 10:07 | Create | Villager (Male) |
| 10:15 | Build | Palisade Wall |
| 10:16 | Build | Palisade Wall |
| 10:16 | Build | Palisade Wall |
| 10:17 | Build | Palisade Wall |
| 10:46 | Create | Villager (Male) |
| 10:46 | Create | Villager (Male) |
| 10:52 | Create | Villager (Male) |
| 10:59 | Build | House |
| 11:23 | Build | Pasture |
| 11:33 | Create | Villager (Male) |
| 11:41 | Build | House |
| 11:42 | Build | Palisade Wall |
| 12:00 | Build | Pasture |
| 12:03 | Create | Scout Cavalry |
| 12:06 | Build | Palisade Wall |
| 12:08 | Build | Palisade Wall |
| 12:10 | Build | Palisade Gate |
| 12:27 | Build | Pasture |
| 12:29 | Create | Scout Cavalry |
| 12:30 | Create | Villager (Male) |
| 12:51 | Build | Pasture |
| 12:59 | Build | Palisade Wall |
| 13:17 | Build | Pasture |
| 13:27 | Create | Villager (Male) |
| 13:49 | Create | Villager (Male) |
| 13:53 | Build | House |
| 13:55 | Build | Palisade Wall |
| 14:01 | Create | Villager (Male) |
| 14:03 | Build | Pasture |
| 14:23 | Build | Mining Camp |
| 14:27 | Build | House |
| 14:28 | Build | House |
| 14:42 | Create | Villager (Male) |
| 14:42 | Create | Villager (Male) |
| 14:54 | Research | Double-Bit Axe |
| 15:08 | Create | Villager (Male) |
| 15:19 | Create | Villager (Male) |
| 15:21 | Build | Pasture |
| 15:51 | Build | Palisade Wall |
| 16:21 | Create | Villager (Male) |
| 16:41 | Build | Archery Range |
| 17:05 | Create | Villager (Male) |
| 17:15 | Build | Blacksmith |
| 17:41 | Research | Castle Age |
| 17:41 | Research | Castle Age |
| 17:49 | Build | Archery Range |
| 18:20 | Research | Tech 1014 |
| 18:24 | Research | Fletching |
| 18:43 | Create | Villager (Male) |
| 18:48 | Build | Lumber Camp |
| 18:58 | Research | Wheelbarrow |
| 18:58 | Research | Wheelbarrow |
| 19:42 | Build | Archery Range |
| 20:21 | Age | Castle Age |
| 20:24 | Research | Bodkin Arrow |
| 20:37 | Create | Cavalry Archer |
| 20:37 | Create | Cavalry Archer |
| 20:37 | Create | Cavalry Archer |
| 20:45 | Research | Heavy Cavalry Archer (upgrade) |
| 20:45 | Research | Heavy Cavalry Archer (upgrade) |
| 20:47 | Create | Cavalry Archer |
| 20:47 | Create | Cavalry Archer |
| 21:03 | Build | Monastery |
| 21:05 | Create | Cavalry Archer |
| 21:06 | Create | Villager (Male) |
| 21:09 | Create | Cavalry Archer |
| 21:27 | Research | Bow Saw |
| 21:28 | Research | Bow Saw |
| 21:30 | Create | Cavalry Archer |
| 21:36 | Create | Cavalry Archer |
| 21:54 | Create | Villager (Male) |
| 22:08 | Create | Cavalry Archer |
| 22:08 | Create | Villager (Male) |
| 22:23 | Research | Husbandry |
| 22:31 | Build | Town Center |
| 22:33 | Create | Cavalry Archer |
| 22:34 | Create | Cavalry Archer |
| 22:34 | Create | Villager (Male) |
| 22:41 | Build | Pasture |
| 22:55 | Create | Villager (Male) |
| 23:01 | Build | Pasture |
| 23:10 | Create | Cavalry Archer |
| 23:10 | Create | Cavalry Archer |
| 23:11 | Create | Villager (Male) |
| 23:25 | Create | Cavalry Archer |
| 23:25 | Create | Villager (Male) |
| 23:29 | Build | House |
| 23:37 | Create | Villager (Male) |
| 23:59 | Create | Cavalry Archer |
| 24:00 | Create | Villager (Male) |
| 24:03 | Create | Villager (Male) |
| 24:05 | Build | Pasture |
| 24:16 | Create | Cavalry Archer |
| 24:17 | Create | Villager (Male) |
| 24:34 | Create | Cavalry Archer |
| 24:34 | Create | Cavalry Archer |
| 24:35 | Create | Villager (Male) |
| 24:37 | Create | Villager (Male) |
| 24:40 | Build | Market |
| 25:02 | Create | Villager (Male) |
| 25:09 | Create | Cavalry Archer |
| 25:16 | Create | Cavalry Archer |
Build order — UndercoverPilot
First 150 of 831 actions detected
| 0:00 | Create | Villager (Male) |
| 0:02 | Build | House |
| 0:02 | Build | House |
| 0:10 | Create | Villager (Male) |
| 0:10 | Create | Villager (Male) |
| 0:10 | Create | Villager (Male) |
| 1:35 | Create | Villager (Male) |
| 1:43 | Build | Lumber Camp |
| 2:03 | Create | Villager (Male) |
| 2:25 | Create | Villager (Male) |
| 2:32 | Create | Villager (Male) |
| 3:14 | Create | Villager (Male) |
| 3:37 | Create | Villager (Male) |
| 3:58 | Create | Villager (Male) |
| 4:16 | Build | House |
| 4:37 | Create | Villager (Male) |
| 4:37 | Create | Villager (Male) |
| 5:15 | Create | Villager (Male) |
| 5:16 | Create | Villager (Male) |
| 5:44 | Build | Barracks |
| 5:59 | Research | Loom |
| 5:59 | Research | Loom |
| 6:23 | Build | House |
| 6:50 | Research | Feudal Age |
| 7:36 | Build | Mining Camp |
| 7:37 | Create | Militia |
| 7:37 | Create | Militia |
| 8:23 | Create | Militia |
| 8:27 | Build | Mill |
| 8:51 | Create | Villager (Male) |
| 9:00 | Age | Feudal Age |
| 9:09 | Research | Man-at-Arms (upgrade) |
| 9:10 | Research | Double-Bit Axe |
| 9:10 | Research | Double-Bit Axe |
| 9:30 | Create | Villager (Male) |
| 9:32 | Build | House |
| 9:54 | Create | Villager (Male) |
| 10:00 | Create | Spearman |
| 10:29 | Create | Villager (Male) |
| 10:31 | Build | Farm |
| 10:32 | Build | Farm |
| 10:33 | Build | Farm |
| 10:33 | Build | Farm |
| 10:34 | Build | Farm |
| 10:48 | Create | Spearman |
| 10:55 | Build | Farm |
| 11:02 | Create | Villager (Male) |
| 11:26 | Create | Villager (Male) |
| 11:30 | Build | Farm |
| 11:31 | Build | Farm |
| 11:35 | Create | Villager (Male) |
| 11:44 | Build | House |
| 11:48 | Build | House |
| 11:50 | Create | Villager (Male) |
| 11:54 | Create | Spearman |
| 11:55 | Create | Spearman |
| 12:00 | Build | Farm |
| 12:03 | Build | Farm |
| 12:05 | Build | Farm |
| 12:06 | Create | Villager (Male) |
| 12:16 | Build | House |
| 12:18 | Build | House |
| 12:19 | Create | Villager (Male) |
| 12:31 | Build | Palisade Wall |
| 12:35 | Create | Spearman |
| 12:44 | Create | Villager (Male) |
| 12:52 | Build | Palisade Wall |
| 12:54 | Build | Palisade Wall |
| 13:01 | Create | Spearman |
| 13:10 | Build | Farm |
| 13:11 | Create | Villager (Male) |
| 13:17 | Build | Palisade Wall |
| 13:26 | Build | Farm |
| 13:37 | Build | House |
| 13:40 | Build | House |
| 13:46 | Build | Farm |
| 13:48 | Build | Farm |
| 13:52 | Create | Villager (Male) |
| 14:01 | Create | Villager (Male) |
| 14:16 | Build | Farm |
| 14:23 | Create | Villager (Male) |
| 14:31 | Create | Spearman |
| 14:39 | Build | House |
| 14:41 | Build | House |
| 14:43 | Create | Villager (Male) |
| 15:04 | Create | Villager (Male) |
| 15:42 | Build | Blacksmith |
| 15:53 | Build | House |
| 16:03 | Create | Villager (Male) |
| 16:26 | Create | Villager (Male) |
| 16:30 | Create | Villager (Male) |
| 16:50 | Build | Archery Range |
| 16:51 | Create | Villager (Male) |
| 17:28 | Research | Castle Age |
| 17:58 | Research | Horse Collar |
| 18:01 | Research | Gold Mining |
| 18:01 | Research | Gold Mining |
| 18:05 | Research | Fletching |
| 18:05 | Research | Fletching |
| 18:12 | Build | Palisade Wall |
| 18:30 | Build | Archery Range |
| 18:50 | Build | Lumber Camp |
| 19:17 | Build | Archery Range |
| 19:43 | Create | Villager (Male) |
| 19:52 | Build | Stable |
| 20:08 | Age | Castle Age |
| 20:13 | Create | Cavalry Archer |
| 20:13 | Create | Cavalry Archer |
| 20:14 | Create | Cavalry Archer |
| 20:15 | Create | Villager (Male) |
| 20:20 | Research | Bow Saw |
| 20:28 | Create | Cavalry Archer |
| 20:30 | Create | Cavalry Archer |
| 20:30 | Create | Cavalry Archer |
| 20:41 | Create | Villager (Male) |
| 20:49 | Create | Cavalry Archer |
| 20:49 | Create | Cavalry Archer |
| 21:06 | Research | Bloodlines |
| 21:07 | Research | Bodkin Arrow |
| 21:09 | Create | Villager (Male) |
| 21:24 | Research | Wheelbarrow |
| 21:27 | Create | Cavalry Archer |
| 21:27 | Create | Cavalry Archer |
| 21:36 | Create | Villager (Male) |
| 22:01 | Create | Villager (Male) |
| 22:10 | Create | Villager (Male) |
| 22:19 | Build | Town Center |
| 22:26 | Create | Cavalry Archer |
| 22:26 | Create | Cavalry Archer |
| 22:26 | Create | Cavalry Archer |
| 22:44 | Build | University |
| 22:51 | Create | Villager (Male) |
| 23:01 | Create | Cavalry Archer |
| 23:12 | Create | Villager (Male) |
| 23:28 | Create | Villager (Male) |
| 23:28 | Create | Villager (Male) |
| 23:35 | Create | Villager (Male) |
| 23:45 | Create | Villager (Male) |
| 23:51 | Research | Ballistics |
| 23:51 | Research | Ballistics |
| 23:52 | Create | Villager (Male) |
| 24:01 | Create | Cavalry Archer |
| 24:01 | Create | Cavalry Archer |
| 24:02 | Create | Cavalry Archer |
| 24:13 | Build | House |
| 24:14 | Build | House |
| 24:29 | Create | Villager (Male) |
| 24:51 | Create | Villager (Male) |
| 24:53 | Build | Farm |
| 24:54 | Build | Farm |
Match timeline
| 5:44 | UndercoverPilot · first_building Barracks |
| 7:26 | Rhea · wall_segment Palisade Wall x6 |
| 7:35 | Rhea · first_building Barracks |
| 7:50 | Rhea · wall_segment Palisade Wall x1 |
| 7:51 | Rhea · wall_segment Palisade Wall x1 |
| 7:52 | Rhea · wall_segment Palisade Wall x1 |
| 7:55 | Rhea · wall_segment Palisade Wall x1 |
| 7:56 | Rhea · wall_segment Palisade Wall x1 |
| 7:56 | Rhea · wall_segment Palisade Wall x1 |
| 7:57 | Rhea · wall_segment Palisade Wall x1 |
| 7:57 | Rhea · wall_segment Palisade Wall x1 |
| 8:32 | Rhea · age_up feudal |
| 9:00 | UndercoverPilot · age_up feudal |
| 9:14 | Rhea · first_building Stable |
| 10:15 | Rhea · wall_segment Palisade Wall x1 |
| 10:16 | Rhea · wall_segment Palisade Wall x1 |
| 10:16 | Rhea · wall_segment Palisade Wall x1 |
| 10:17 | Rhea · wall_segment Palisade Wall x1 |
| 11:42 | Rhea · wall_segment Palisade Wall x8 |
| 12:06 | Rhea · wall_segment Palisade Wall x1 |
| 12:08 | Rhea · wall_segment Palisade Wall x18 |
| 12:31 | UndercoverPilot · wall_segment Palisade Wall x6 |
| 12:52 | UndercoverPilot · wall_segment Palisade Wall x5 |
| 12:54 | UndercoverPilot · wall_segment Palisade Wall x5 |
| 12:59 | Rhea · wall_segment Palisade Wall x13 |
| 13:17 | UndercoverPilot · wall_segment Palisade Wall x1 |
| 13:55 | Rhea · wall_segment Palisade Wall x1 |
| 15:51 | Rhea · wall_segment Palisade Wall x1 |
| 16:41 | Rhea · first_building Archery Range |
| 16:50 | UndercoverPilot · first_building Archery Range |
| 18:12 | UndercoverPilot · wall_segment Palisade Wall x1 |
| 19:52 | UndercoverPilot · first_building Stable |
| 20:08 | UndercoverPilot · age_up castle |
| 20:21 | Rhea · age_up castle |
| 21:03 | Rhea · first_building Monastery |
| 25:16 | Rhea · first_market_sell 100 wood |
| 27:01 | Rhea · first_market_buy 100 wood |
| 30:33 | UndercoverPilot · first_building Monastery |
| 31:54 | Rhea · first_building Siege Workshop |
| 32:15 | UndercoverPilot · first_market_sell 100 wood |
| 32:21 | UndercoverPilot · first_market_buy 100 stone |
| 37:25 | Rhea · first_building Castle |
| 38:05 | Rhea · wall_segment Palisade Wall x1 |
| 38:15 | UndercoverPilot · first_building Siege Workshop |
| 40:17 | Rhea · age_up imperial |
| 42:29 | Rhea · wall_segment Stone Wall x1 |
| 42:30 | Rhea · wall_segment Stone Wall x1 |
| 42:31 | Rhea · wall_segment Stone Wall x1 |
| 42:33 | Rhea · wall_segment Stone Wall x1 |
| 43:24 | UndercoverPilot · age_up imperial |
| 46:29 | UndercoverPilot · first_building Castle |
| 54:34 | UndercoverPilot · resign |
[ AI ANALYSIS · 1 CREDIT ]
What really happened in this match?
Wolo.gg analyzes every decision: build order, eco, micro, common mistakes by bracket. Personalized analysis on WhatsApp or Discord in 30 seconds.
Civ guide
Khitans
Perfil
Jugador #292104